 Dungeon Crawl Stone Soup version 0.28.0-45-g0d030f2227 (webtiles) character file.

Game seed: 13749265047682983508

1575 Peloso the Carver (level 8, -10/71 HPs)
             Began as a Minotaur Fighter on Apr 9, 2022.
             Was an Initiate of Okawaru.
             Mangled by a two-headed ogre
             ... wielding a +0 giant spiked club
              (12 damage)
             ... on level 9 of the Dungeon.
             The game lasted 00:10:23 (6535 turns).

Peloso the Carver (Minotaur Fighter)                Turns: 6535, Time: 00:10:24

Health: -10/71     AC: 14    Str: 22    XL:     8   Next: 60%
Magic:  7/7        EV:  6    Int:  5    God:    Okawaru [......]
Gold:   290        SH:  6    Dex: 11    Spells: 7/7 levels left

rFire   . . .      SeeInvis .   a - +0 long sword
rCold   . . .      Faith    .   c - +1 buckler
rNeg    . . .      Spirit   .   l - +0 plate armour
rPois   +          Reflect  .   (helmet restricted)
rElec   .          Harm     .   (no cloak)
rCorr   .          Rampage  .   j - +0 pair of gloves
Will    .....                   (no boots)
Stlth   ..........              (no amulet)
HPRegen 0.21/turn               i - ring of poison resistance
MPRegen 0.10/turn               (no ring)

@: no status effects
A: horns 2, retaliatory headbutt
a: Renounce Religion


You were on level 9 of the Dungeon.
You worshipped Okawaru.
Okawaru was noncommittal.
You visited 2 branches of the dungeon, and saw 8 of its levels.
You also visited: Sewer.

You collected 302 gold pieces.
You spent 12 gold pieces at shops.

Inventory:

Hand Weapons
 a - a +0 long sword (weapon)
Missiles
 h - a throwing net (quivered)
Armour
 b - a +0 scale mail
 c - a +1 buckler (worn)
 j - a +0 pair of gloves (worn)
 l - a +0 plate armour (worn)
Jewellery
 i - a ring of poison resistance (left hand)
 k - an amulet of magic regeneration
 m - a +6 ring of intelligence
 n - a ring of ice
Wands
 p - a wand of charming (7)
 r - a wand of iceblast (11)
Scrolls
 e - 2 scrolls of summoning
 f - 3 scrolls of identify
 g - 2 scrolls of enchant weapon
 q - a scroll of fog {unknown}
 s - 2 scrolls of blinking
Potions
 d - 2 potions of might
 o - 2 potions of haste
 t - a potion of ambrosia {unknown}
 u - a potion of cancellation {unknown}


   Skills:
 + Level 6.3 Fighting
 + Level 8.7 Long Blades
 + Level 0.1 Throwing
 + Level 7.6 Armour
 + Level 0.6 Dodging
 + Level 0.8 Stealth
 + Level 5.9 Shields


You had 7 spell levels left.
You didn't know any spells.
Your spell library contained the following spells:

 Spells                   Type           Power      Damage    Failure   Level
 Foxfire                  Conj/Fire      0%         2x1d4     100%        1
 Magic Dart               Conj           0%         1d3       100%        1
 Searing Ray              Conj           0%         2d4       100%        2
 Conjure Flame            Conj/Fire      0%         6-21      100%        3
 Ignite Poison            Fire/Tmut/Pois 0%         N/A       100%        3
 Inner Flame              Hex/Fire       0%         N/A       100%        3
 Mephitic Cloud           Conj/Pois/Air  0%         N/A       100%        3
 Anguish                  Hex/Necr       0%         N/A       100%        4
 Flame Wave               Conj/Fire      0%         2d4       100%        4
 Fulminant Prism          Conj/Hex       0%         3d6       100%        4
 Freezing Cloud           Conj/Ice/Air   0%         6-21      100%        5
 Enfeeble                 Hex            0%         N/A       100%        7
 Tukima's Dance           Hex            Unusable   N/A       N/A         3

Dungeon Overview and Level Annotations

Branches:
Dungeon (6/15)             Temple (1/1) D:6           Sewer (visited)

Altars:
Ashenzari
Cheibriados
Dithmenos
Fedhas
Gozag
Hepliaklqana
Kikubaaqudgha
Okawaru
Qazlal
Ru
Trog
Uskayaw
Wu Jian
Xom
Zin
The Shining One

Shops:
D:2 *   D:5 [   D:6 (


Innate Abilities, Weirdness & Mutations

You have a pair of horns on your head.
You reflexively headbutt those who attack you in melee.


Message History

A two-headed ogre is nearby!
A two-headed ogre is nearby!
You slash the two-headed ogre!
The two-headed ogre is moderately wounded.
The two-headed ogre hits you with a +0 giant spiked club.
The two-headed ogre hits you with a +0 giant club.
You barely miss the two-headed ogre.
The two-headed ogre is lightly wounded.
You barely miss the two-headed ogre.
The two-headed ogre is lightly wounded.
The two-headed ogre barely misses you.
The two-headed ogre hits you with a +0 giant club.
A five-headed hydra comes into view.
The five-headed hydra roars!
You slash the two-headed ogre!
The two-headed ogre is moderately wounded.
The two-headed ogre hits you with a +0 giant spiked club!
The two-headed ogre completely misses you.
You hit the two-headed ogre.
The two-headed ogre is heavily wounded.
The two-headed ogre hits you with a +0 giant spiked club!
The two-headed ogre hits you with a +0 giant club!
You slash the two-headed ogre! You headbutt the two-headed ogre.
The two-headed ogre is almost dead.
You hit the two-headed ogre but do no damage.
Your headbutt misses the two-headed ogre.
The two-headed ogre is almost dead.
The two-headed ogre hits you with a +0 giant spiked club!
* * * LOW HITPOINT WARNING * * *
The two-headed ogre barely misses you.
You hit the two-headed ogre.
The two-headed ogre is almost dead.
You block the two-headed ogre's attack.
The two-headed ogre hits you with a +0 giant club!
* * * LOW HITPOINT WARNING * * *
Okay, then.
You slash the two-headed ogre!
The two-headed ogre is almost dead.
The two-headed ogre hits you with a +0 giant spiked club!
You die...

#...### #.....
####+##...###### .
#..............#+##.$
#..................#
#..................#.
########......)......
###........<..
####@#####.. #.DO..#
#.###.# .. .. #$. .#.
.. ##.. . ##...
#.###.


You could see a five-headed hydra and a two-headed ogre.

Vanquished Creatures
  Edmund (D:5)
  A water moccasin (Sewer)
  Duvessa (D:6)
  A black bear (D:6)
  2 necrophages
  2 ogres
  A centaur (D:4)
  A phantom (D:5)
  2 scorpions
  A bullfrog (D:9)
  Dowan (D:6)
  A jelly (D:6)
  A gnoll shaman (D:4)
  An iguana (D:5)
  3 orc wizards (D:3)
  A killer bee zombie (D:6)
  7 gnolls
  A howler monkey skeleton (D:6)
  6 adders
  A white imp (D:5)
  3 worms
  A dart slug (D:3)
  12 orcs
  7 bats
  13 endoplasms
  7 giant cockroaches (D:3)
  3 goblins
  9 hobgoblins
  3 kobolds
  7 quokkas
  3 ball pythons
  5 rats
109 creatures vanquished.

Vanquished Creatures (others)
  5 plants (D:3)
5 creatures vanquished.

Grand Total: 114 creatures vanquished

Notes
Turn   | Place    | Note
-------+----------+-------------------------------------------
     0 | D:1      | Peloso the Minotaur Fighter began the quest for the Orb.
     0 | D:1      | Reached XP level 1. HP: 19/19 MP: 0/0
   134 | D:1      | Found a faded altar of an unknown god.
   280 | D:1      | Reached XP level 2. HP: 24/27 MP: 1/1
  1320 | D:2      | Reached XP level 3. HP: 33/33 MP: 2/2
  1850 | D:2      | Found Usae's General Store.
  1857 | D:2      | Bought a potion of degeneration for 12 gold pieces
  2456 | D:3      | Reached skill level 3 in Long Blades
  2537 | D:3      | Noticed a scorpion
  2547 | D:3      | Killed a scorpion
  2548 | D:3      | Reached XP level 4. HP: 37/40 MP: 3/3
  2720 | D:3      | Found a glowing drain.
  2737 | D:3      | Reached skill level 5 in Armour
  2747 | Sewer    | Entered a sewer
  2783 | Sewer    | Noticed a water moccasin
  2797 | Sewer    | Killed a water moccasin
  2798 | Sewer    | Reached skill level 4 in Long Blades
  2798 | Sewer    | Reached XP level 5. HP: 35/47 MP: 4/4
  2958 | D:3      | Reached skill level 5 in Long Blades
  2958 | D:3      | Reached XP level 6. HP: 40/55 MP: 5/5
  3398 | D:3      | Found an ancient bone altar of Kikubaaqudgha.
  3541 | D:4      | Reached skill level 5 in Fighting
  3549 | D:4      | Reached skill level 6 in Long Blades
  3910 | D:4      | Reached XP level 7. HP: 43/61 MP: 6/6
  4609 | D:5      | Entered Level 5 of the Dungeon
  4629 | D:5      | Found a sacrificial altar of Ru.
  4710 | D:5      | Noticed a moth of wrath
  4713 | D:5      | Found a bloodstained altar of Trog.
  4739 | D:5      | Reached skill level 7 in Long Blades
  4991 | D:5      | Reached skill level 5 in Shields
  5067 | D:5      | Found a glowing silver altar of Zin.
  5121 | D:5      | Noticed Edmund
  5126 | D:5      | Reached XP level 8. HP: 59/70 MP: 7/7
  5135 | D:5      | Killed Edmund
  5269 | D:5      | Found an ornate altar of the Wu Jian Council.
  5386 | D:5      | Found Miwniarr's Armour Shop.
  5459 | D:6      | Found Ulecroy's Weapon Shoppe.
  5499 | D:6      | Reached skill level 8 in Long Blades
  5691 | D:6      | Found a staircase to the Ecumenical Temple.
  5707 | Temple   | Entered the Ecumenical Temple
  5878 | Temple   | Became a worshipper of Warmaster Okawaru
  5977 | D:6      | Found a hide-covered altar of Uskayaw.
  6078 | D:6      | Noticed Duvessa
  6079 | D:6      | Noticed Dowan
  6100 | D:6      | Killed Duvessa
  6113 | D:6      | Killed Dowan
  6462 | D:6      | You fall into a shaft and drop 3 floors!
  6526 | D:9      | Noticed a two-headed ogre
  6529 | D:9      | Noticed a five-headed hydra
  6534 | D:9      | HP: 2/71 [two-headed ogre/+0 giant spiked club (7)]
  6535 | D:9      | Mangled by a two-headed ogre

Illustrated notes

Levels and vault maps discovered:
D:1:      sevenhm_arrival_forest_fort_small_4, layout_basic,
          nicolae_ecumenical_lake_church
D:2:      layout_loops_ring, serial_co_window_serial,
          co_window_of_opportunity_a, co_window_paths_a, co_window_cross_1,
          co_window_corner_a, co_window_paths_a, co_window_of_opportunity_c,
          co_window_unsneaky_path_c, co_window_unsneaky_path_b,
          co_window_corner_ca, co_window_corner_b, co_window_4corner_a,
          co_window_4corner_b, glass_columns_a, glass_columns_c,
          glass_columns_b, serial_shops, nicolae_shop_stone,
          roderic_serpentine_path
D:3:      layout_loops_ring, nicolae_overflow_hidden_temple,
          gup_sewer_entry_pipe, serial_bayou_crossing
D:4:      layout_basic
D:5:      layout_gridville, mainiacjoe_overflow_alcove_4, marbit_many_paths,
          tgw_trog, lemuel_tele_altar, serial_shops, nicolae_shop_trees,
          nrook_campfire, uniq_edmund
D:6:      minmay_chambers_of_threes, layout_gridville,
          mainiacjoe_overflow_small_starburst,
          minmay_temple_entry_statues_pillars, serial_shops, shop,
          minmay_statues_item, minmay_splitting_lines, uniq_duvessa
D:9:      layout_basic, david_orc_5, kb_rosetta
Temple:   minmay_temple_curvy_branch

Skill      XL: |  1  2  3  4  5  6  7  8 |
---------------+-------------------------+-----
Fighting       | 4 5 6 |  6.3
Armour         | 4 5 6 7 |  7.6
Long Blades    | 3 4 5 6 7 8 |  8.7
Shields        | 4 5 |  5.9
Throwing       | |  0.1
Dodging        | |  0.6
Stealth        | |  0.8

Action                   |  1- 3 |  4- 6 |  7- 9 || total
-------------------------+-------+-------+-------++-------
Melee: Long sword        |    57 |   138 |   165 ||   360
       Headbutt          |     7 |    24 |    31 ||    62
Throw: Throwing net      |       |     1 |       ||     1
  Use: Scroll            |     4 |       |     4 ||     8
Armor: Scale mail        |    12 |       |       ||    12
       Plate armour      |    12 |    83 |    81 ||   176
Dodge: Dodged            |    16 |    40 |    39 ||    95
Block: Buckler           |    12 |    33 |    39 ||    84
